Map: Primeval Wilds

Players

PORCH

  • Race: Terran Terran
  • League: Gold
  • Spawn Location: 6:00

Metasapien

  • Race: Zerg Zerg
  • League: Platinum
  • Spawn Location: 6:00

Koljac

  • Race: Terran Terran
  • Spawn Location: 7:00

Vinyin

  • Race: Zerg Zerg
  • Spawn Location: 5:00

tacho

  • Race: Protoss Protoss
  • Spawn Location: 3:00

louis

  • Race: Protoss Protoss
  • Spawn Location: 12:00

niborsaile

  • Race: Terran Terran
  • League: Silver
  • Spawn Location: 9:00

Roua

  • Race: Terran Terran
  • Spawn Location: 12:00

VOD

Have the link to the VOD?

Description

Time

  • Played on: Sept. 17, 2017, 11:48 p.m.
  • Length: 14:53
Show
View Real Time Build Order
Export as new Build Order

PORCH Terran 

Build Orders:  

Get SALT Encoding   

  12  0:25  Supply Depot  
  12  0:27  SCV  
  13  0:39  SCV  
  14  0:55  SCV  
  14  0:56  Barracks  
  15  1:00  Barracks  
  15  1:13  Supply Depot  
  15  1:15  SCV  
  16  1:27  SCV  
  17  1:39  SCV  
  18  1:46  Bunker  
  18  1:54  Bunker  
  18  1:57  Marine  
  19  2:09  Marine  
  20  2:15  Command Center  
  20  2:36  Marine x2  
  22  2:44  Refinery  
  22  2:48  Refinery  
  22  2:53  Marine  
  22  2:54  Marine  
  24  3:07  Engineering Bay  
  24  3:09  Engineering Bay  
  24  3:11  Marine x2  
  25  3:30  Barracks Tech Lab  
  25  3:37  Orbital Command  
  25  3:39  Orbital Command  
  25  3:45  Refinery  
  25  3:50  Barracks Tech Lab  
  25  4:05  SCV  
  25  4:06  SCV  
  25  4:08  Refinery  
  27  4:27  SCV  
  27  4:28  SCV  
  29  4:34  Sensor Tower  
  29  4:37  Factory  
  29  4:41  SCV  
  29  4:42  SCV  
  31  4:48  Barracks Tech Lab  
  31  4:51  Supply Depot  
  31  4:56  SCV x2  
  33  5:11  Missile Turret  
  33  5:24  Starport  
  33  5:25  Barracks Tech Lab x2, Factory Reactor  
  33  5:31  Starport  
  33  5:38  Starport  
  33  5:41  Sensor Tower  
  33  5:51  SCV x2  
  35  6:03  SCV x2  
  37  6:14  Armory  
  37  6:19  Missile Turret  
  37  6:21  Missile Turret  
  37  6:22  Banshee  
  37  6:23  Banshee  
  43  6:29  SCV x2  
  45  6:48  Missile Turret x2  
  45  6:50  Missile Turret  
  45  6:54  Cloaking Field  
  45  7:01  Hyperflight Rotors  
  45  7:08  Banshee  
  48  7:37  Command Center  
  48  7:41  Banshee x2  
  54  8:04  Supply Depot  
  54  8:05  Supply Depot  
  54  8:07  Supply Depot  
  54  8:18  Terran Vehicle Weapons Level 1  
  54  8:26  Banshee, SCV x2  
  59  8:33  Armory  
  59  8:38  SCV x2  
  61  8:50  SCV x2  
  63  9:02  SCV  
  64  9:14  Missile Turret  
  64  9:19  Viking  
  64  9:20  Viking x2  
  67  9:49  Viking  
  67  9:50  Banshee, Viking  
  68  10:19  Banshee  
  68  10:20  Banshee  
  74  10:33  Banshee  
  68  11:02  Banshee x2  
  68  11:21  Sensor Tower  
  62  11:45  Viking  
  62  11:46  Viking x2  
  68  12:14  Starport  
  68  12:15  Orbital Command, Starport, Viking  
  68  12:16  Starport, Viking x2  
  74  12:45  Viking  
  74  12:46  Viking x2  
  80  13:15  Viking  
  80  13:16  Viking x2  
  80  13:45  Viking  
  80  13:46  Viking  
Show
View Real Time Build Order
Export as new Build Order

Metasapien Zerg 

Build Orders: Pool First 

Get SALT Encoding   

  12  0:09  Drone  
  13  0:23  Spawning Pool  
  13  0:27  Drone  
  13  0:31  Drone  
  13  0:34  Extractor  
  13  0:42  Overlord  
  13  0:46  Drone  
  14  1:01  Drone x2  
  16  1:24  Hatchery  
  15  1:26  Drone  
  15  1:31  Drone  
  17  1:34  Drone  
  18  1:43  Drone  
  19  1:53  Drone  
  20  2:08  Drone  
  21  2:35  Queen x2  
  21  2:36  Overlord  
  21  2:37  Overlord  
  25  2:47  Drone  
  26  2:54  Hatchery  
  26  2:55  Extractor, Metabolic Boost  
  24  3:04  Drone  
  24  3:05  Drone  
  26  3:07  Drone  
  27  3:23  Drone x2  
  27  3:27  Drone x2  
  30  3:29  Drone  
  32  3:34  Roach Warren  
  32  3:37  Drone  
  32  3:38  Overlord  
  32  3:45  Drone  
  32  3:46  Zergling x2  
  32  3:47  Zergling x2  
  35  3:49  Drone  
  36  4:01  Lair  
  36  4:03  Drone x3  
  39  4:10  Queen  
  41  4:22  Drone  
  41  4:23  Drone  
  43  4:25  Drone x3  
  43  4:28  Extractor  
  45  4:34  Extractor  
  44  4:39  Drone x2  
  44  4:42  Roach x3  
  44  4:43  Overlord  
  44  4:45  Overlord  
  52  4:53  Pneumatized Carapace  
  52  4:55  Overlord  
  52  4:56  Overlord  
  52  5:07  Hydralisk Den  
  52  5:12  Drone x3  
  54  5:15  Extractor  
  54  5:19  Drone x3  
  54  5:20  Drone  
  58  5:21  Drone x2  
  58  5:23  Drone x2  
  58  5:28  Drone x3  
  64  5:31  Queen  
  66  5:36  Overseer  
  66  5:40  Ravager  
  67  5:44  Roach x3  
  67  5:45  Roach x2  
  67  5:49  Spore Crawler  
  76  5:51  Spine Crawler  
  76  5:53  Drone  
  76  5:56  Drone  
  77  5:57  Muscular Augments  
  77  5:58  Glial Reconstitution  
  77  6:06  Infestation Pit  
  77  6:07  Drone x2  
  77  6:09  Queen  
  80  6:21  Hydralisk  
  80  6:25  Overlord x3  
  82  6:33  Overlord  
  82  6:34  Overlord  
  82  6:39  Extractor  
  81  6:47  Drone x3  
  81  6:48  Overlord x2, Drone x3  
  81  6:49  Overlord x2  
  87  6:57  Hydralisk x2  
  87  6:58  Hydralisk x2  
  95  7:08  Evolution Chamber x2  
  93  7:18  Drone x3  
  86  7:25  Swarm Host  
  86  7:26  Drone, Hydralisk x3  
  86  7:27  Hydralisk, Roach x4  
  90  7:43  Roach x3, Hydralisk x2  
  90  8:05  Queen  
  92  8:06  Queen  
  94  8:14  Drone x3  
  94  8:15  Drone x2  
  94  8:17  Spine Crawler  
  94  8:19  Drone, Extractor  
  99  8:20  Drone x2  
  99  8:27  Hydralisk x5  
  100  8:30  Drone  
  111  8:35  Overseer  
  111  8:37  Overlord x2  
  111  8:38  Overlord x3  
  111  8:54  Drone x2  
  113  9:00  Hatchery  
  112  9:13  Roach x2, Hydralisk x5  
  126  9:19  Zerg Missile Weapons Level 1  
  126  9:20  Zerg Ground Armor Level 1  
  126  9:22  Hive  
  126  9:31  Nydus Network  
  125  9:50  Overlord x4  
  125  9:56  Hydralisk, Roach x3  
  125  9:57  Roach x2  
  137  10:00  Extractor  
  137  10:01  Spine Crawler  
  137  10:02  Extractor  
  137  10:03  Spine Crawler  
  133  10:09  Burrow  
  133  10:10  Hydralisk x3  
  133  10:11  Hydralisk x3  
  128  10:31  Infestor x4  
  128  10:33  Infestor  
  128  10:34  Viper  
  135  10:37  Roach x4  
  133  10:46  Overseer  
  133  10:47  Overseer  
  102  11:04  Drone x3  
  102  11:09  Drone x3  
  107  11:18  Ravager x3  
  107  11:20  Zergling x2  
  107  11:21  Zergling x10  
  114  11:28  Spine Crawler x2  
  112  11:58  Hydralisk x5  
  112  11:59  Roach x2, Hydralisk x2  
  130  12:04  Queen  
  130  12:08  Hatchery  
  131  12:19  Hydralisk x3  
  137  12:26  Hatchery  
  137  12:28  Spine Crawler  
  135  12:33  Hydralisk x2  
  135  12:34  Roach x3, Hydralisk  
  98  12:57  Hydralisk x4  
  98  12:58  Roach x3  
  71  13:24  Hydralisk x5  
  75  13:40  Drone x2  
  69  13:41  Queen  
  69  13:43  Queen x2  
  71  13:49  Hydralisk x2  
  71  13:50  Hydralisk x4  
  71  13:53  Drone x2  
  81  14:01  Hydralisk x2  
  79  14:15  Spine Crawler  
  78  14:17  Spine Crawler, Zergling x6  
  78  14:18  Zergling x2  
Show
View Real Time Build Order
Export as new Build Order

Koljac Terran 

Build Orders:  

Get SALT Encoding   

  12  0:04  SCV  
  13  0:16  SCV  
  14  0:23  Supply Depot  
  14  0:28  SCV  
  15  0:44  SCV  
  15  0:47  Barracks  
  16  0:56  SCV  
  17  0:58  Refinery  
  17  1:08  SCV  
  18  1:24  SCV  
  19  1:36  SCV  
  19  1:37  Bunker  
  20  1:41  Marine  
  21  1:53  Command Center  
  21  1:59  SCV  
  22  2:03  Marine  
  23  2:20  Supply Depot  
  23  2:41  SCV, Marine  
  23  2:43  Supply Depot  
  25  2:51  Engineering Bay  
  25  2:55  Engineering Bay  
  25  2:58  Factory  
  25  3:02  SCV  
  26  3:06  SCV  
  27  3:13  Refinery  
  27  3:14  SCV  
  27  3:18  SCV  
  27  3:19  Marine  
  30  3:31  SCV  
  30  3:32  SCV  
  32  3:40  Missile Turret  
  32  3:43  Missile Turret  
  32  3:44  SCV x2  
  34  3:50  Missile Turret  
  34  3:56  SCV x2  
  34  4:01  Factory Tech Lab  
  36  4:03  Hi-Sec Auto Tracking  
  36  4:11  Building Armor  
  36  4:20  Bunker  
  36  4:24  Barracks Reactor  
  36  4:43  Refinery  
  36  4:44  Refinery  
  36  4:46  SCV x2  
  36  4:52  Missile Turret  
  38  4:58  SCV  
  38  4:59  SCV  
  40  5:00  Terran Infantry Weapons Level 1, Marine x2  
  42  5:18  Bunker, Marine x2  
  42  5:20  Siege Tank, Supply Depot  
  47  5:22  Supply Depot  
  47  5:42  SCV x2  
  49  5:51  Terran Infantry Armor Level 1, Marine  
  49  5:52  Siege Tank, Marine  
  49  5:54  SCV x2  
  56  6:06  SCV x2  
  56  6:07  Missile Turret  
  56  6:09  Marine x2  
  60  6:18  SCV  
  60  6:24  Siege Tank  
  64  6:26  SCV  
  64  6:30  SCV  
  66  6:36  Starport  
  66  6:37  Starport x2  
  66  6:48  Sensor Tower  
  66  6:59  Marine  
  66  7:00  Marine  
  68  7:17  Marine x2  
  70  7:23  Bunker  
  70  7:34  Bunker  
  70  7:43  Orbital Command x2  
  70  7:51  Supply Depot x2  
  70  7:52  Supply Depot  
  70  7:53  Supply Depot x2  
  70  7:55  Supply Depot  
  70  7:57  Supply Depot  
  70  8:03  Starport Tech Lab x2  
  70  8:12  Marine x2  
  72  8:14  Starport Tech Lab  
  72  8:22  Armory  
  72  8:29  Recalibrated Explosives, Corvid Reactor  
  72  8:30  Marine x2  
  74  8:35  Raven x3  
  80  8:47  Bunker  
  80  8:50  Marine x2  
  82  9:04  Missile Turret  
  82  9:08  Marine x2  
  84  9:17  Raven x2  
  84  9:23  Bunker  
  88  9:26  Marine x2  
  88  9:27  Raven  
  92  9:44  Marine x2  
  94  10:00  Raven x2, Barracks  
  94  10:03  Barracks  
  94  10:04  Barracks  
  94  10:06  Barracks  
  94  10:07  Barracks  
  98  10:09  Raven  
  98  10:10  Barracks  
  98  10:13  Barracks  
  100  10:15  Barracks  
  100  10:17  Barracks  
  100  10:43  Raven x2  
  104  10:52  Raven  
  106  10:57  Barracks Reactor  
  106  10:58  Barracks Tech Lab  
  106  10:59  Barracks Reactor x2  
  106  11:04  Barracks Reactor  
  106  11:06  Barracks Reactor  
  106  11:15  Barracks Reactor x2  
  106  11:17  Barracks Reactor  
  106  11:43  Siege Tank  
  109  11:49  Terran Vehicle And Ship Armor Level 1  
  109  11:59  Marine x3  
  109  12:00  Marine x13  
  126  12:04  Marine  
  126  12:05  Barracks Reactor  
  126  12:07  Stimpack  
  126  12:18  Siege Tank, Marine x6  
  135  12:31  Supply Depot  
  69  13:39  Marine x11  
  69  13:40  Marine x8  
  74  13:57  Marine x15  
  74  13:58  Marine x4  
  74  13:59  Raven  
  74  14:00  Raven x2  
  86  14:15  Marine x8  
  76  14:30  Marine  
  68  14:31  Marine x6  
  68  14:33  Marine  
Show
View Real Time Build Order
Export as new Build Order

Vinyin Zerg 

Build Orders: Pool First 

Get SALT Encoding   

  12  0:09  Drone x2  
  14  0:20  Overlord  
  14  0:39  Drone  
  14  0:40  Drone  
  16  1:17  Extractor  
  16  1:18  Drone x2  
  16  1:19  Drone, Spawning Pool  
  17  1:27  Extractor  
  16  1:46  Drone  
  16  1:47  Drone  
  18  2:03  Drone x2  
  20  2:19  Drone  
  21  2:23  Drone  
  22  4:39  Overlord x3  
  22  4:42  Lair  
  22  4:51  Hatchery  
  21  5:00  Drone  
  21  5:04  Drone  
  23  5:12  Drone  
  24  5:24  Extractor  
  24  5:26  Extractor  
  22  5:34  Drone x2  
  24  5:41  Queen  
  26  5:59  Drone x2  
  28  6:04  Queen  
  28  6:05  Drone  
  28  6:07  Drone  
  32  6:15  Drone  
  33  6:19  Drone  
  34  6:26  Spire  
  33  6:36  Spire  
  33  6:39  Drone x2  
  34  6:53  Drone x4  
  38  7:19  Drone x2  
  38  7:20  Drone x5  
  38  7:21  Drone x2  
  47  7:48  Overlord x5  
  47  7:49  Overlord  
  47  7:55  Zerg Flyer Weapons Level 1  
  47  7:56  Zerg Flyer Armor Level 1  
  47  8:19  Mutalisk x5  
  53  8:20  Mutalisk x7  
  71  8:44  Mutalisk x2  
  71  8:45  Mutalisk x4  
  83  8:49  Mutalisk x3  
  89  9:23  Mutalisk x4  
  89  9:24  Mutalisk  
  97  9:29  Overlord x2  
  97  9:30  Overlord x3  
  97  9:31  Overlord  
  99  9:49  Zerg Flyer Weapons Level 2  
  99  9:51  Zerg Flyer Armor Level 2  
  47  10:38  Mutalisk x4  
  47  10:41  Corruptor  
  57  10:46  Corruptor  
  59  10:57  Corruptor  
  61  11:07  Corruptor  
  63  11:20  Corruptor x4  
  71  11:30  Corruptor  
  73  11:40  Corruptor  
  75  11:50  Corruptor  
  77  11:56  Corruptor  
  79  12:09  Corruptor  
  81  12:33  Corruptor x3  
  53  12:59  Metabolic Boost  
  53  13:05  Corruptor  
  53  13:06  Corruptor  
  53  13:11  Corruptor  
  57  13:37  Corruptor x2  
  57  13:38  Corruptor  
  53  14:07  Corruptor x3  
Show
View Real Time Build Order
Export as new Build Order

tacho Protoss 

Build Orders:  

Get SALT Encoding   

  12  0:02  Probe (Chrono Boost)  
  13  0:13  Probe (Chrono Boost)  
  14  0:23  Pylon  
  14  0:26  Probe (Chrono Boost)  
  15  0:44  Probe (Chrono Boost)  
  16  0:54  Probe (Chrono Boost)  
  17  1:05  Probe (Chrono Boost)  
  18  1:12  Nexus  
  18  1:15  Probe (Chrono Boost)  
  19  1:26  Probe (Chrono Boost)  
  19  1:32  Forge  
  20  1:36  Probe (Chrono Boost)  
  20  1:37  Pylon  
  22  1:47  Probe (Chrono Boost)  
  22  1:57  Probe (Chrono Boost)  
  23  2:07  Gateway  
  23  2:08  Probe (Chrono Boost)  
  24  2:18  Probe (Chrono Boost)  
  25  2:25  Probe (Chrono Boost)  
  25  2:29  Probe (Chrono Boost)  
  27  2:31  Photon Cannon  
  27  2:35  Probe (Chrono Boost)  
  27  2:36  Photon Cannon  
  28  2:39  Probe (Chrono Boost)  
  28  2:40  Photon Cannon  
  29  2:46  Probe (Chrono Boost)  
  29  2:50  Probe (Chrono Boost)  
  31  2:56  Probe (Chrono Boost)  
  32  3:01  Pylon  
  32  3:07  Probe (Chrono Boost)  
  33  3:13  Cybernetics Core  
  33  3:17  Probe (Chrono Boost)  
  33  3:18  Assimilator  
  34  3:23  Photon Cannon, Assimilator  
  34  3:28  Probe (Chrono Boost)  
  34  3:29  Assimilator  
  34  3:33  Assimilator  
  35  3:37  Probe (Chrono Boost)  
  35  3:38  Probe (Chrono Boost)  
  37  3:47  Probe (Chrono Boost)  
  38  3:49  Probe (Chrono Boost)  
  39  3:58  Probe (Chrono Boost)  
  39  3:59  Probe (Chrono Boost)  
  41  4:08  Probe (Chrono Boost)  
  41  4:09  Probe (Chrono Boost)  
  42  4:12  Warp Gate (Chrono Boost)  
  43  4:19  Probe x2  
  45  4:26  Stargate  
  45  4:31  Probe  
  45  4:32  Pylon  
  45  4:36  Pylon  
  46  4:39  Probe, Pylon  
  46  4:43  Probe  
  48  4:50  Probe  
  49  4:56  Probe  
  50  5:00  Probe  
  51  5:07  Robotics Facility  
  51  5:08  Probe  
  51  5:11  Probe  
  51  5:12  Fleet Beacon  
  53  5:20  Probe, Stargate  
  54  5:21  Probe  
  54  5:23  Stargate  
  55  5:28  Pylon  
  55  5:34  Cybernetics Core  
  55  5:35  Probe  
  56  5:47  Probe  
  57  5:56  Anion Pulse-Crystals  
  57  5:59  Probe, Observer  
  59  6:08  Protoss Air Weapons Level 1 (Chrono Boost)  
  59  6:11  Protoss Air Armor Level 1 (Chrono Boost)  
  59  6:17  Tempest  
  65  6:21  Observer  
  66  6:56  Observer  
  66  6:59  Tempest  
  73  7:01  Tempest  
  79  7:43  Tempest  
  85  7:49  Pylon  
  85  7:51  Pylon  
  85  8:03  Pylon  
  85  8:06  Pylon  
  85  8:08  Pylon  
  85  8:09  Tempest  
  91  8:35  Nexus  
  91  8:39  Assimilator  
  91  8:44  Assimilator  
  91  8:48  Pylon  
  91  8:50  Pylon  
  91  8:53  Pylon  
  91  9:15  Tempest x2  
  103  9:29  Photon Cannon  
  103  9:32  Photon Cannon  
  103  9:34  Photon Cannon  
  103  9:45  Probe  
  104  9:56  Probe  
  105  10:07  Probe  
  105  10:17  Probe  
  106  10:23  Tempest x3  
  106  10:28  Probe  
  121  10:38  Probe  
  122  10:49  Probe  
  122  11:22  Nexus  
  122  11:48  Pylon  
  122  11:51  Pylon  
  122  11:58  Pylon  
  122  12:00  Pylon  
  122  12:05  Probe  
  122  12:06  Pylon  
  123  12:09  Tempest, Pylon  
  123  12:12  Pylon  
  123  12:14  Pylon  
  123  12:15  Probe  
  129  12:16  Tempest x2, Stargate  
  129  12:17  Pylon  
  142  12:26  Probe  
  142  12:27  Pylon  
  143  12:31  Photon Cannon  
  143  12:33  Photon Cannon  
  143  12:37  Probe  
  143  12:42  Protoss Air Weapons Level 2 (Chrono Boost), Protoss Air Armor Level 2 (Chrono Boost)  
  144  12:49  Probe  
  145  12:51  Tempest  
  151  12:59  Tempest  
  157  13:19  Tempest x2  
  169  14:06  Tempest x4  
Show
View Real Time Build Order
Export as new Build Order

louis Protoss 

Build Orders: Forge Fast Expand (FFE) 

Get SALT Encoding   

  12  0:18  Probe (Chrono Boost)  
  14  0:28  Probe (Chrono Boost)  
  14  0:31  Pylon  
  14  0:33  Assimilator  
  14  0:39  Probe (Chrono Boost)  
  15  0:49  Probe (Chrono Boost)  
  16  0:54  Forge  
  16  1:00  Probe (Chrono Boost)  
  17  1:10  Probe (Chrono Boost)  
  18  1:21  Probe (Chrono Boost)  
  19  1:26  Nexus  
  19  1:45  Photon Cannon  
  19  1:47  Photon Cannon  
  19  1:58  Probe (Chrono Boost)  
  20  2:08  Probe (Chrono Boost), Assimilator  
  21  2:17  Assimilator  
  21  2:23  Probe (Chrono Boost)  
  21  2:29  Pylon  
  22  2:34  Probe (Chrono Boost)  
  23  2:43  Probe (Chrono Boost)  
  24  2:44  Probe (Chrono Boost)  
  25  2:52  Gateway  
  25  2:54  Probe (Chrono Boost)  
  27  2:58  Probe (Chrono Boost)  
  27  3:04  Probe (Chrono Boost)  
  28  3:05  Pylon  
  28  3:09  Probe (Chrono Boost)  
  29  3:14  Pylon  
  29  3:15  Probe (Chrono Boost)  
  30  3:23  Assimilator  
  30  3:28  Probe x2 (Chrono Boost)  
  32  3:45  Probe (Chrono Boost)  
  32  3:46  Probe (Chrono Boost), Cybernetics Core  
  34  3:56  Probe x2 (Chrono Boost)  
  34  4:02  Pylon  
  36  4:04  Pylon  
  36  4:06  Probe (Chrono Boost)  
  36  4:07  Probe (Chrono Boost)  
  38  4:15  Pylon  
  38  4:17  Probe x2 (Chrono Boost)  
  40  4:27  Stargate  
  40  4:28  Probe x2 (Chrono Boost)  
  40  4:29  Stargate  
  42  4:31  Stargate  
  42  4:36  Stargate  
  43  4:38  Probe (Chrono Boost)  
  43  4:39  Probe (Chrono Boost)  
  44  4:49  Probe (Chrono Boost)  
  44  4:50  Mothership Core (Chrono Boost)  
  47  5:11  Void Ray  
  47  5:12  Void Ray  
  55  5:14  Phoenix  
  55  5:16  Void Ray  
  61  5:33  Void Ray  
  61  5:40  Protoss Air Weapons Level 1 (Chrono Boost)  
  65  5:57  Void Ray x2  
  73  6:20  Void Ray x2  
  81  6:52  Void Ray  
  85  7:05  Nexus  
  85  7:08  Assimilator  
  85  7:09  Pylon  
  85  7:10  Pylon, Assimilator  
  85  7:12  Pylon  
  85  7:14  Pylon  
  85  7:23  Fleet Beacon  
  85  7:27  Void Ray  
  89  7:33  Photon Cannon  
  89  7:35  Photon Cannon, Protoss Air Armor Level 1 (Chrono Boost)  
  89  7:37  Photon Cannon  
  89  7:39  Photon Cannon  
  89  8:12  Carrier  
  101  8:17  Probe  
  102  8:27  Probe  
  103  8:38  Probe  
  103  8:40  Carrier x2  
  110  8:49  Probe  
  117  8:59  Probe  
  117  9:00  Graviton Catapult  
  118  9:11  Carrier  
  124  9:17  Protoss Air Weapons Level 2 (Chrono Boost)  
  124  9:26  Cybernetics Core  
  124  9:37  Pylon  
  124  9:38  Carrier  
  130  9:41  Pylon  
  130  9:43  Pylon  
  130  9:50  Pylon  
  130  9:52  Pylon  
  130  9:54  Carrier  
  130  9:55  Pylon  
  130  9:56  Pylon  
  130  10:05  Carrier  
  134  10:23  Protoss Air Armor Level 2 (Chrono Boost)  
  132  10:37  Mothership Core  
  140  11:03  Carrier  
  146  11:06  Photon Cannon  
  146  11:07  Photon Cannon x2  
  146  11:09  Photon Cannon  
  146  11:22  Pylon  
  146  11:25  Pylon  
  152  11:31  Protoss Air Weapons Level 3 (Chrono Boost)  
  152  11:50  Photon Cannon  
  152  11:54  Photon Cannon  
  152  11:59  Carrier  
  158  12:13  Pylon  
  158  12:15  Pylon  
  158  12:16  Robotics Facility  
  158  12:17  Pylon  
  158  12:24  Carrier  
Show
View Real Time Build Order
Export as new Build Order

niborsaile Terran 

Build Orders: MMM Bio 

Get SALT Encoding   

  12  0:22  SCV  
  12  0:26  Supply Depot  
  13  0:29  Refinery  
  13  0:36  SCV  
  14  0:48  SCV  
  15  0:52  Barracks  
  15  1:04  Barracks  
  15  1:09  SCV  
  16  1:23  SCV  
  17  1:44  Factory  
  17  1:46  Orbital Command  
  17  1:50  Marine  
  18  1:54  Marine  
  19  2:09  Marine  
  20  2:26  Marine  
  20  2:28  Widow Mine  
  23  2:40  Supply Depot  
  23  2:57  Command Center  
  23  3:01  Marine  
  24  3:06  Factory Tech Lab  
  24  3:27  Siege Tank  
  24  3:29  Starport  
  24  3:30  SCV  
  28  3:42  SCV  
  28  3:45  Supply Depot  
  29  3:51  Barracks Tech Lab  
  30  3:55  SCV  
  30  4:02  Supply Depot  
  30  4:05  Barracks Tech Lab  
  30  4:09  Supply Depot  
  30  4:12  Viking  
  32  4:23  Orbital Command  
  32  4:38  Stimpack  
  32  4:45  Refinery  
  32  4:49  Refinery  
  32  4:57  SCV  
  33  5:05  SCV  
  34  5:08  Marine x2  
  37  5:14  SCV  
  37  5:17  SCV  
  38  5:22  Combat Shields  
  38  5:25  Starport Reactor, Marine  
  38  5:26  SCV  
  40  5:30  Refinery, SCV  
  41  5:38  SCV  
  41  5:42  SCV  
  43  5:50  SCV  
  43  5:56  Marine x2  
  46  5:59  SCV  
  46  6:02  SCV  
  48  6:08  Medivac  
  48  6:09  Medivac  
  52  6:11  Siege Tank, SCV  
  52  6:14  SCV, Marine x2  
  59  6:22  Engineering Bay  
  59  6:23  Engineering Bay, SCV  
  60  6:26  SCV  
  60  6:32  Marine x2  
  63  6:39  SCV x2  
  65  6:43  Concussive Shells  
  65  6:49  Marine  
  65  6:50  Marauder  
  68  6:58  Terran Infantry Weapons Level 1, Barracks  
  68  7:01  Terran Infantry Armor Level 1  
  68  7:07  Marine  
  69  7:11  Marine  
  66  7:26  Marauder  
  66  7:29  Marine  
  61  7:46  Marine  
  53  7:56  Barracks Reactor  
  50  8:01  SCV x2  
  50  8:02  Marine  
  50  8:04  Factory  
  53  8:05  Marine  
  53  8:06  Armory  
  53  8:07  Armory  
  53  8:09  Siege Tank  
  53  8:12  Medivac x2  
  61  8:19  Marine  
  61  8:23  Marine  
  63  8:31  Factory  
  63  8:34  Marine  
  63  8:35  Marine  
  63  8:37  Marine  
  63  8:41  Marine  
  66  8:42  Siege Tank  
  66  8:46  Missile Turret  
  70  8:49  Factory Tech Lab  
  70  8:50  Command Center  
  70  8:54  Supply Depot  
  70  8:56  Supply Depot  
  70  8:59  Supply Depot x2  
  70  9:00  Terran Vehicle Weapons Level 1, Supply Depot  
  70  9:01  Terran Vehicle And Ship Armor Level 1, Supply Depot  
  70  9:06  Terran Infantry Weapons Level 2  
  70  9:12  Terran Infantry Armor Level 2  
  70  9:15  Factory Tech Lab, Marine x3  
  73  9:24  Siege Tank  
  76  9:28  Marine  
  77  9:32  Thor  
  83  9:41  Cyclone  
  83  9:43  Marine x3  
  89  9:46  Marine  
  90  10:01  Marine x2  
  90  10:02  Marauder  
  90  10:05  Marine  
  95  10:07  Orbital Command  
  95  10:18  Marine  
  95  10:19  Marauder  
  95  10:20  Thor  
  104  10:22  Marine  
  100  10:44  Marine  
  100  10:45  Marine x2  
  74  11:22  Marine  
  74  11:23  Marine x2  
  74  11:24  Marauder  
  79  11:26  Siege Tank x3  
  86  11:40  Marine  
  86  11:41  Marauder, Marine  
  86  11:45  Marauder  
  92  11:55  Terran Infantry Weapons Level 3  
  92  11:58  Siege Tank x3, Marine x2  
  103  12:02  Marine  
  103  12:06  Marauder  
  106  12:16  Marine x2  
  106  12:20  Marine  
  109  12:28  Marauder  
  111  12:30  Siege Tank  
  111  12:34  Marine x2  
  116  12:38  Marine  
  109  12:49  Marine  
  109  12:50  Siege Tank x2  
  98  12:52  Marine x2  
  98  12:56  Marine  
  99  13:02  Siege Tank  
  100  13:06  Marine  
  100  13:09  Marine  
  100  13:10  Marine  
  101  13:13  Marine  
  97  13:22  Siege Tank  
  97  13:24  Marine  
  97  13:26  Orbital Command  
  100  13:27  Marine x2  
  100  13:32  Marauder  
  104  13:38  Command Center  
  102  13:42  Marine  
  97  14:23  Viking x2  
  97  14:28  Missile Turret  
  94  14:36  Missile Turret  
  94  14:38  Missile Turret  
Show
View Real Time Build Order
Export as new Build Order

Roua Terran 

Build Orders: MMM Bio 

Get SALT Encoding   

  12  0:09  SCV  
  13  0:21  SCV  
  13  0:27  Supply Depot  
  14  0:34  SCV  
  15  0:37  Refinery  
  15  0:49  SCV  
  16  1:01  SCV  
  16  1:02  Supply Depot  
  17  1:09  Barracks  
  17  1:14  Barracks  
  17  1:16  SCV  
  18  1:36  SCV  
  19  1:48  SCV  
  20  1:58  Command Center  
  20  2:07  Marine x2  
  22  2:17  Supply Depot  
  22  2:25  Marine x2  
  24  3:09  Marine  
  24  3:10  Marine  
  26  3:13  SCV  
  27  3:25  SCV  
  28  3:32  Barracks Tech Lab, Barracks Reactor  
  28  3:37  SCV  
  28  3:38  Refinery  
  29  3:45  Factory  
  29  3:47  Barracks  
  29  3:49  SCV  
  30  4:01  SCV  
  30  4:02  Engineering Bay  
  31  4:09  Marine x3  
  34  4:27  Marine x3  
  37  4:35  Starport  
  37  4:39  Orbital Command, Armory  
  37  4:42  Barracks Reactor  
  37  4:45  Marine  
  38  4:57  Stimpack  
  38  5:00  Factory Tech Lab  
  38  5:07  SCV  
  39  5:14  Starport Reactor  
  39  5:19  SCV  
  40  5:23  Refinery  
  40  5:30  SCV  
  40  5:31  SCV  
  42  5:39  Missile Turret  
  42  5:42  Siege Tank, SCV  
  45  5:43  SCV, Marine x2  
  45  5:44  Marine x3  
  45  5:48  Refinery  
  52  5:55  SCV x2  
  54  6:19  Factory  
  54  6:34  Medivac x2, SCV x2, Marine x5  
  65  6:46  SCV, Supply Depot  
  66  6:47  Supply Depot  
  66  6:48  Supply Depot  
  66  6:51  Marine x2  
  66  6:52  SCV  
  69  7:00  SCV  
  70  7:07  SCV  
  71  7:08  Supply Depot  
  71  7:10  Marine x3  
  71  7:11  Supply Depot  
  71  7:12  Factory Reactor, SCV  
  71  7:13  Supply Depot  
  75  7:19  SCV  
  75  7:22  Engineering Bay  
  76  7:24  Terran Infantry Weapons Level 1  
  76  7:31  Medivac  
  76  7:33  Medivac  
  80  7:38  Terran Vehicle And Ship Armor Level 1  
  80  7:59  Terran Infantry Armor Level 1, Barracks  
  80  8:15  Combat Shields  
  80  8:18  Marine  
  80  8:19  Marine x4  
  85  8:25  Viking  
  87  8:36  Marine x3  
  87  8:37  Marine x2  
  92  8:54  Marine x3  
  97  8:55  Marauder  
  97  8:58  Supply Depot  
  97  8:59  Supply Depot x2  
  97  9:10  Supply Depot  
  99  9:17  Marauder, Widow Mine x3  
  99  9:23  Terran Infantry Weapons Level 2  
  105  9:25  Supply Depot  
  105  9:34  Concussive Shells  
  105  9:35  Terran Vehicle And Ship Armor Level 2  
  105  9:46  Widow Mine x3  
  92  10:42  SCV x2  
  94  10:49  Missile Turret  
  94  10:50  Missile Turret  
  94  10:53  Missile Turret  
  94  10:54  Missile Turret, SCV x2  
  94  10:55  Missile Turret  
  94  10:56  Missile Turret  
  96  11:06  SCV  
  96  11:11  Missile Turret  
  97  11:46  Terran Infantry Weapons Level 3, Terran Infantry Armor Level 2  
  97  11:49  Barracks Reactor  
  97  11:58  Marine x3  
  97  11:59  Marine x2  
  97  12:01  Barracks  
  102  12:16  Marine x5  
  107  12:33  Marine  
  107  12:34  Marine x4  
  78  12:51  Marine  
  78  12:52  Marine x4  
  78  13:06  Barracks Reactor  
  78  13:07  Marine x2  
  78  13:09  Marine  
  78  13:10  Medivac x2, Marine x4  
  89  13:25  Marine x2  
  91  13:27  Marine x3  
  91  13:28  Marine x2  
  96  13:40  Medivac x2  
  100  13:43  Marine x2  
Tags
 
Add a new tag
Caveats
  • Supply blocks, unpowered buildings, or Contaminate may cause inaccurate times.
  • Supply counts are checked every 10 seconds.